 Dungeon Crawl Stone Soup version 0.26.0-16-gc1dbca0489 (webtiles) character file.

Game seed: 15055509046878386499

49 kaeus the Skirmisher (level 3, -3/29 HPs)
             Began as a Demonspawn Fighter on Jan 22, 2021.
             Killed by divine providence
             ... invoked by an orc priest
              (10 damage)
             ... on level 2 of the Dungeon.
             The game lasted 00:00:33 (897 turns).

kaeus the Skirmisher (Demonspawn Fighter)            Turns: 897, Time: 00:00:34

Health: -3/29      AC:  8    Str: 17    XL:     3   Next: 53%
Magic:  3/3        EV:  7    Int:  9    God:
Gold:   41         SH:  9    Dex: 12    Spells: 2/2 levels left

rFire    + . .     SeeInvis .   a - +0 war axe
rCold    . . .     Faith    .   c - +0 kite shield
rNeg     . . .     Spirit   .   b - +0 scale mail
rPois    .         Reflect  .   (no helmet)
rElec    .         Harm     .   (no cloak)
rCorr    .         Rampage  .   (no gloves)
Will     .....                  (no boots)
Stlth    ..........             (no amulet)
HPRegen  0.09/turn              (no ring)
MPRegen  0.08/turn              (no ring)

@: no status effects
A: slimy green scales 1, fire resistance 1
a: no special abilities


You were on level 2 of the Dungeon.
You visited 1 branch of the dungeon, and saw 2 of its levels.

You collected 41 gold pieces.

Inventory:

Hand Weapons
 a - a +0 war axe (weapon)
Armour
 b - a +0 scale mail (worn)
 c - a +0 kite shield (worn)
Jewellery
 i - an uncursed ring of positive energy {unknown}
Scrolls
 e - 3 scrolls of identify {unknown}
 h - a scroll of enchant weapon {unknown}
Potions
 d - a potion of might
 f - a potion of cancellation {unknown}
 g - a potion of brilliance {unknown}
 j - a potion of curing {unknown}


   Skills:
 + Level 3.4 Fighting
 + Level 2.3 Axes
 + Level 3.1 Armour
 + Level 3.1 Shields


You had 2 spell levels left.
You didn't know any spells.
Your spell library was empty.

Dungeon Overview and Level Annotations

Branches:
Dungeon (2/15)

Altars:
Okawaru


Innate Abilities, Weirdness & Mutations

You are partially covered in slimy green scales. (AC +2)
Your flesh is heat resistant. (rF+)


Message History

There are monsters nearby!
You are too injured to fight recklessly!
You barely miss the rat. The rat barely misses you. The rat bites you.
You barely miss the rat.
The orc priest miscasts a cantrip.
The rat bites you.
The orc priest begins to cast a cantrip, but forgets the words!
You slash the rat!
You kill the rat!
The orc priest hits you.
* * * LOW HITPOINT WARNING * * *
You closely miss the orc priest.
The orc priest casts a cantrip, but nothing happens.
Unknown command.
You hit the orc priest.
The orc priest is lightly wounded.
The orc priest hits you but does no damage.
The orc priest invokes the aid of Beogh against you.
Beogh smites you!
You die...

#. #.#####
###(##..
###.#.##.#
.........#
####......###+#
+.......).###_+
#>.....#
##.#.##@#
#....##o#
##....##oo
#.....#.oo.
#.....#.....
#.....#......
##.....#.......
#......#........
####......#


You could see 3 orc priests and 2 orcs.

Vanquished Creatures
  2 adders (D:2)
  An ooze (D:1)
  A worm (D:2)
  A leopard gecko (D:2)
  A ball python (D:2)
  A bat (D:1)
  2 giant cockroaches (D:1)
  A goblin (D:1)
  3 hobgoblins
  5 jackals (D:2)
  3 rats
21 creatures vanquished.

Notes
Turn   | Place    | Note
-------+----------+-------------------------------------------
     0 | D:1      | kaeus the Demonspawn Fighter began the quest for the Orb.
     0 | D:1      | Reached XP level 1. HP: 18/18 MP: 1/1
   231 | D:1      | Gained mutation: Your flesh is heat resistant. (rF+)
                  | [demonic ancestry]
   231 | D:1      | Reached XP level 2. HP: 21/24 MP: 2/2
   779 | D:2      | Gained mutation: You are partially covered in slimy green
                  | scales. (AC +2) [demonic ancestry]
   779 | D:2      | Reached XP level 3. HP: 20/29 MP: 3/3
   877 | D:2      | Found an iron altar of Okawaru.
   897 | D:2      | Killed from afar by an orc priest

Illustrated notes

Levels and vault maps discovered:
D:1:      dpeg_arrival_stone_temple_mockup, layout_basic,
          chequers_serial_rivers_small_a, minmay_octomino_j4
D:2:      layout_basic, lemuel_doored_altar, gammafunk_temple_overflow_elements,
          vehumet_crystals, uniq_terence

Skill      XL: |  1  2 |
---------------+-------+-----
Axes           | 2 |  2.3
Armour         | 3 |  3.1
Shields        | 3 |  3.1
Fighting       | |  3.4

Action                   || total
-------------------------++-------
Melee: War axe           ||    78
Armor: Scale mail        ||    48
Dodge: Dodged            ||    28
Block: Kite shield       ||    38
